 Dungeon Crawl Stone Soup version 0.16.1-2-g95b8d4c (webtiles) character file.

277 karlm the Slasher (level 6, -11/42 HPs)
             Began as a High Elf Skald on Mar 25, 2015.
             Mangled by an ogre
             ... wielding a +0 giant club
              (16 damage)
             ... on level 4 of the Dungeon.
             The game lasted 00:11:34 (4212 turns).

karlm the Slasher (High Elf Skald)                  Turns: 4212, Time: 00:11:34

Health: -11/42     AC: 10    Str: 12    XL:     6   Next: 4%
Magic:  15/15      EV:  3    Int: 16    God:
Gold:   149        SH:  0    Dex: 16    Spells: 3 memorised, 3 levels left

rFire  . . .     SeeInvis .     x - +2 short sword (freeze)
rCold  . . .     Clarity  .     f - +0 plate armour
rNeg   . . .     SustAb   .     (no shield)
rPois  .         Gourm    .     (no helmet)
rElec  .         Spirit   .     (no cloak)
rCorr  .         Warding  .     (no gloves)
rMut   .         Stasis   .     (no boots)
MR     .....                    (no amulet)
Stlth  ..........               (no ring)
                                (no ring)

@: not resistant to hostile enchantments, extremely unstealthy
A: no striking features
a: no special abilities


You were on level 4 of the Dungeon.
You were not hungry.

You visited 1 branch of the dungeon, and saw 4 of its levels.

You collected 149 gold pieces.

Inventory:

Hand weapons
 a - a +0 falchion
 x - a +2 short sword of freezing (weapon)
Missiles
 i - 141 stones (quivered)
 k - 7 sling bullets of flame
 l - 69 sling bullets
Armour
 f - a +0 plate armour (worn)
Magical devices
 q - a wand of magic darts (13)
 w - a wand of digging (9)
 D - a wand of frost (34)
Scrolls
 b - a scroll of fog {unknown}
 e - 2 scrolls of teleportation {unknown}
 j - a scroll of recharging {unknown}
 o - 2 scrolls of magic mapping {unknown}
 r - a scroll of enchant armour {unknown}
 y - a scroll of identify {unknown}
 A - a scroll of amnesia {unknown}
Potions
 g - a potion of ambrosia {unknown}
 m - a potion of curing {unknown}
 t - a potion of mutation {unknown}
 u - a potion of restore abilities {unknown}
 z - a potion of degeneration {unknown}
 B - a potion of flight {unknown}
 C - a potion of heal wounds {unknown}
Books
 c - a book of Battle

   Spells                             Type                      Level
   a - Infusion                       Charms                       1
   b - Shroud of Golubria             Charms/Translocation         2
   c - Song of Slaying                Charms                       2
   d - Spectral Weapon                Hexes/Charms                 3
   e - Regeneration                   Charms/Necromancy            3
Comestibles
 d - 5 bread rations
 h - a royal jelly
 n - a slice of pizza
 p - a beef jerky
 s - 3 chunks of flesh
 v - a meat ration


   Skills:
 + Level 3.2 Fighting
 * Level 5.9 Long Blades
 + Level 2.0 Armour
 - Level 1.1 Dodging
 - Level 2.1 Stealth
 - Level 2.4 Spellcasting
 - Level 3.6 Charms


You had 3 spell levels left.
You knew the following spells:

 Your Spells              Type           Power        Failure   Level  Hunger
a - Infusion              Chrm           ##....       100%        1    #......
b - Shroud of Golubria    Chrm/Tloc      #.........   100%        2    ###....
c - Regeneration          Chrm/Necr      #.........   100%        3    ###....


Dungeon Overview and Level Annotations

Branches:
Dungeon (4/15)
 Temple: D:4-7

Altars:
Sif Muna
Trog

Annotations:
D:2 1 exclusion


Message History

A goblin is nearby!
The goblin hits you but does no damage.
There is a stone staircase leading up here.
The goblin hits you.
You climb upwards.
There is a stone staircase leading down here.
You hit the goblin. You freeze the goblin.
You kill the goblin!
No target in view!
You see here a goblin corpse.
You butcher the goblin corpse.
s - 3 chunks of flesh (gained 1)
There is a stone staircase leading down here.
You climb downwards.
The ogre hits you with a giant club!
There is a stone staircase leading up, spattered with blood here.
You barely miss the ogre. The ogre hits you with a giant club!!
Ouch! That really hurt!
* * * LOW HITPOINT WARNING * * *
The ogre hits you with a giant club!
You die...

# .. #... #...
#.... #########
.#.g..##....O..#
..O.....#...@...#
#.............#
)...............#
......##.....)..#
##.###
######..... #
#.### .. ##


You could see an ogre.

Vanquished Creatures
  Sigmund (D:3)
  Ijyb (D:2)
  Jessica (D:2)
  Terence (D:3)
  7 adders
  A giant mite (D:3)
  A worm (D:3)
  3 giant geckos
  2 oozes
  5 orcs (D:3)
  A giant cockroach (D:1)
  3 hobgoblins (D:3)
  10 jackals
  3 quokkas (D:3)
  10 bats
  2 giant newts
  3 goblins
  12 kobolds
  11 rats
78 creatures vanquished.

Notes
Turn   | Place    | Note
--------------------------------------------------------------
     0 | D:1      | karlm, the High Elf Skald, began the quest for the Orb.
     0 | D:1      | Reached XP level 1. HP: 14/14 MP: 4/4
   186 | D:1      | Reached skill level 1 in Stealth
   332 | D:1      | Reached XP level 2. HP: 16/19 MP: 6/6
  1311 | D:2      | Reached skill level 1 in Armour
  1311 | D:2      | Reached XP level 3. HP: 17/24 MP: 8/8
  1561 | D:2      | Noticed Ijyb
  1624 | D:2      | Killed Ijyb
  2050 | D:2      | Reached skill level 4 in Long Blades
  2050 | D:2      | Reached XP level 4. HP: 27/30 MP: 11/11
  2143 | D:2      | Noticed Jessica
  2169 | D:2      | Killed Jessica
  2482 | D:2      | Found a deep blue altar of Sif Muna.
  2802 | D:2      | Learned a level 2 spell: Shroud of Golubria
  3009 | D:3      | Reached skill level 5 in Long Blades
  3021 | D:3      | Learned a level 3 spell: Regeneration
  3205 | D:3      | Reached XP level 5. HP: 32/35 MP: 12/12
  3496 | D:3      | Noticed Sigmund
  3671 | D:3      | Found a bloodstained altar of Trog.
  3681 | D:3      | Noticed Terence
  3696 | D:3      | Killed Terence
  3901 | D:3      | Killed Sigmund
  4031 | D:3      | Reached XP level 6. HP: 42/42 MP: 15/15
  4212 | D:4      | Mangled by an ogre

Action                   |  1- 3 |  4- 6 || total
-------------------------+-------+-------++-------
Melee: Dagger            |   138 |   163 ||   301
       Falchion          |     3 |       ||     3
       Short sword       |       |    60 ||    60
Throw: Stone             |       |     8 ||     8
 Cast: Infusion          |     3 |       ||     3
 Stab: Sleeping          |     3 |       ||     3
  Eat: Chunk             |     3 |     8 ||    11
